 Dungeon Crawl Stone Soup version 0.22-a0-877-g5c4e1afb51 (console) character file.

46 Lexodia the Skirmisher (level 3, -8/60 HPs)
             Began as an Ogre Berserker on July 29, 2018.
             Was a Believer of Trog.
             Killed by divine providence
             ... invoked by an orc priest
              (15 damage)
             ... on level 2 of the Dungeon.
             The game lasted 00:02:12 (1196 turns).

Lexodia the Skirmisher (Ogre Berserker)             Turns: 1196, Time: 00:02:13

Health: -8/60      AC:  3    Str: 27    XL:     3   Next: 66%
Magic:  3/3        EV: 10    Int:  8    God:    Trog [**....]
Gold:   55         SH:  0    Dex:  8    Spells: 2/2 levels left

rFire    + . .     SeeInvis .   a - +0 mace
rCold    + . .     Gourm    .   (no shield)
rNeg     + . .     Faith    .   b - +0 animal skin
rPois    .         Spirit   .   (helmet restricted)
rElec    .         Reflect  .   d - scarf {rC+ rF+}
rCorr    .         Harm     .   (gloves unavailable)
MR       .....                  (boots unavailable)
Stlth    ..........             (no amulet)
HPRegen  0.20/turn              g - ring of positive energy
MPRegen  0.08/turn              (no ring)

@: berserking, very quick
A: large, unfitting armour, tough skin 1
a: Berserk, Trog's Hand, Renounce Religion


You were on level 2 of the Dungeon.
You worshipped Trog.
Trog was pleased with you.
You were hungry.

You visited 1 branch of the dungeon, and saw 2 of its levels.

You collected 55 gold pieces.

Inventory:

Hand Weapons
 a - a +0 mace (weapon)
Missiles
 k - 4 tomahawks (quivered)
 l - 4 javelins
Armour
 b - a +0 animal skin (worn)
 d - a scarf of resistance (worn)
Jewellery
 g - a ring of positive energy (left hand)
Scrolls
 e - a scroll of enchant weapon {unknown}
 f - a scroll of enchant armour {unknown}
 h - a scroll of teleportation {unknown}
 j - a scroll of immolation {unknown}
Potions
 i - a potion of curing {unknown}
Comestibles
 c - 3 rations


   Skills:
 + Level 4.7 Fighting
 * Level 3.5 Maces & Flails
 + Level 2.9 Dodging
 + Level 0.1 Stealth


You had 2 spell levels left.
You didn't know any spells.
Your spell library was empty.

Dungeon Overview and Level Annotations

Branches:
Dungeon (2/15)

Altars:


Innate Abilities, Weirdness & Mutations

You are too large for most types of armour.
You have tough skin. (AC +1)


Message History

* * * LOW HITPOINT WARNING * * *
The orc priest invokes the aid of Beogh against you.
Pain shoots through your body!
* * * LOW HITPOINT WARNING * * *
Huge Dmg: -15%(-9hp) hp: 20%(12hp)
You barely miss the orc priest. The orc misses you.
The orc priest begins to cast a cantrip, but forgets the words!
You barely miss the orc priest. The orc hits you with a club.
* * * LOW HITPOINT WARNING * * *
Huge Dmg: -6%(-4hp) hp: 14%(8hp)
You closely miss the orc priest.
The orc priest casts a cantrip, but nothing happens.
You closely miss the orc priest. The orc barely misses you.
The orc priest hits you with a falchion.
* * * LOW HITPOINT WARNING * * *
You barely miss the orc priest. The orc hits you with a club.
* * * LOW HITPOINT WARNING * * *
The orc priest calls down the wrath of Beogh upon you.
Beogh smites you!
You die...

#.......# #.. ##.....##
###..
#.......############.#..
#........#.>......$)....
#..........#########.#..
##.(...##.....######....
##...#######.[.........
#.#########.....##....
#. #o@................ #
#o#########........
#........ ##.......
...8...8. #...#...
#......... #.......
#.....o... ⌠#.......
#..o....o..$#.......
##..8...8..##.......
#........# #.....##


You could see an orc priest and an orc.

Vanquished Creatures
  An adder (D:2)
  A dart slug (D:1)
  2 leopard geckos
  2 orcs (D:2)
  2 bats (D:1)
  A giant cockroach (D:1)
  4 goblins
  4 hobgoblins (D:1)
  3 jackals (D:1)
  2 ball pythons (D:1)
  A frilled lizard (D:1)
  4 kobolds
  3 rats (D:1)
30 creatures vanquished.

Notes
Turn   | Place    | Note
-------+----------+-------------------------------------------
     0 | D:1      | Lexodia the Ogre Berserker began the quest for the Orb.
     0 | D:1      | Reached XP level 1. HP: 24/24 MP: 1/1
   315 | D:1      | Reached XP level 2. HP: 29/32 MP: 2/2
   514 | D:1      | Reached XP level 3. HP: 25/40 MP: 3/3
   575 | D:1      | Reached ** piety under Trog
   974 | D:2      | Huge Dmg: 9 dmg
  1188 | D:2      | Huge Dmg: 15 dmg
  1192 | D:2      | Huge Dmg: 9 dmg
  1194 | D:2      | Huge Dmg: 4 dmg
  1196 | D:2      | Killed from afar by an orc priest

Vault maps used:
D:1:      elethiomel_arrival_infinity_welcomes_careful_drivers
D:2:      cheibrodos_pilgrimage, st_stairs_5, trog_hazing_becter

Skill      XL: |  1 |
---------------+----+-----
Maces & Flails | 3 |  3.5
Fighting       | |  4.7
Dodging        | |  2.9
Stealth        | |  0.1

Action                   || total
-------------------------++-------
Melee: Mace              ||    95
Invok: Berserk           ||     2
  Eat: Chunk             ||     2
Armor: Animal skin       ||    35
Dodge: Dodged            ||    59

Table legend:
 A = Spawn XP
 B = Non-spawn XP
 C = Spawn XP percentage of total XP
 D = Spawn monster count
 E = Non-spawn monster count
 F = Spawn count percentage of total count
 G = Total turns spent on level
                    A         B        C        D         E        F      G
               +---------+---------+-------+---------+---------+-------+---------
         Total |       0 |      66 |   0.0 |       0 |      30 |   0.0 |  1196
               +---------+---------+-------+---------+---------+-------+---------
           D:1 |       0 |      40 |   0.0 |       0 |      23 |   0.0 |   930
           D:2 |       0 |      26 |   0.0 |       0 |       7 |   0.0 |   266
               +---------+---------+-------+---------+---------+-------+---------
